Map: Écho EC

Players

Unix

  • Race: Zerg Zerg
  • League: Grandmaster

AgCl - Winner!

  • Race: Protoss Protoss
  • League: Grandmaster

VOD

Have the link to the VOD?

Description

Time

  • Played on: July 12, 2015, 6:26 p.m.
  • Length: 10:07
Show
View Real Time Build Order
Export as new Build Order

Unix Zerg 

Build Orders: Pool First 

Get SALT Encoding   

  12  0:02  Drone  
  13  0:12  Overlord  
  13  0:16  Drone  
  14  0:36  Spawning Pool  
  14  0:37  Extractor  
  14  0:40  Drone  
  13  0:49  Drone x2  
  15  0:54  Drone  
  16  1:13  Extractor  
  15  1:18  Drone x2  
  15  1:22  Queen  
  15  1:25  Drone  
  20  1:37  Drone  
  21  1:45  Overlord  
  21  1:46  Metabolic Boost  
  21  2:03  Lair  
  21  2:11  Zergling x4  
  23  2:36  Zergling x2  
  25  2:37  Zergling x10  
  28  3:15  Nydus Network  
  28  3:16  Zergling x4  
  28  3:18  Overlord x2  
  28  3:19  Overlord x2  
  29  3:44  Zergling x4  
  29  3:45  Zergling x6  
  34  3:56  Nydus Canal  
  34  3:58  Zergling x2  
  35  4:10  Zergling x8  
  39  4:18  Hatchery  
  36  4:31  Zergling x6  
  36  4:38  Queen  
  32  5:05  Spore Crawler  
  28  5:12  Spore Crawler  
  25  5:14  Spore Crawler  
  25  5:15  Drone x3  
  25  5:16  Drone x2  
  25  5:17  Spore Crawler  
  27  5:40  Queen  
  29  5:50  Spire  
  28  5:58  Hydralisk Den  
  28  5:59  Drone  
  28  6:00  Drone  
  28  6:31  Muscular Augments  
  28  6:33  Hydralisk x2  
  28  6:34  Hydralisk  
  34  6:58  Drone x3  
  34  6:59  Drone x7  
  34  7:00  Drone  
  41  7:36  Hydralisk x3  
  47  7:54  Overlord  
  47  7:55  Hatchery  
  40  8:19  Zergling x4  
  36  8:30  Zergling x2  
Show
View Real Time Build Order
Export as new Build Order

AgCl Protoss - Winner!

Build Orders: 1 Gate Expand, Oracle Opening 

Get SALT Encoding   

  12  0:02  Probe  
  13  0:25  Pylon  
  14  0:57  Assimilator  
  14  0:58  Gateway  
  14  0:59  Probe  
  13  1:15  Probe (Chrono Boost)  
  13  1:16  Nexus  
  15  1:25  Probe (Chrono Boost)  
  16  1:32  Probe (Chrono Boost)  
  16  1:45  Probe (Chrono Boost)  
  17  1:50  Zealot (Chrono Boost)  
  20  1:54  Probe (Chrono Boost)  
  20  1:55  Cybernetics Core  
  20  2:04  Probe  
  21  2:16  Probe (Chrono Boost)  
  22  2:25  Assimilator  
  22  2:28  Probe (Chrono Boost)  
  24  2:30  Probe (Chrono Boost)  
  24  2:31  Warp Gate  
  24  2:37  Probe, Pylon  
  25  2:40  Probe (Chrono Boost)  
  26  2:47  Stargate  
  27  2:52  Probe (Chrono Boost)  
  27  2:53  Probe (Chrono Boost)  
  28  3:01  Probe (Chrono Boost)  
  28  3:03  Probe (Chrono Boost)  
  28  3:09  Probe (Chrono Boost)  
  29  3:14  Gateway  
  29  3:16  Probe (Chrono Boost)  
  30  3:22  Probe (Chrono Boost)  
  32  3:29  Probe (Chrono Boost)  
  32  3:30  Mothership Core (Chrono Boost)  
  32  3:32  Assimilator  
  34  3:38  Probe (Chrono Boost)  
  35  3:49  Probe (Chrono Boost)  
  35  3:53  Oracle (Chrono Boost)  
  35  3:55  Probe (Chrono Boost)  
  40  3:57  Probe (Chrono Boost)  
  40  3:58  Forge  
  40  4:01  Assimilator  
  40  4:02  Probe (Chrono Boost), Pylon  
  42  4:06  Probe (Chrono Boost)  
  43  4:13  Probe (Chrono Boost)  
  44  4:19  Probe (Chrono Boost)  
  44  4:20  Probe (Chrono Boost)  
  44  4:22  Gateway  
  44  4:23  Pylon  
  44  4:28  Probe  
  38  4:31  Oracle (Chrono Boost)  
  33  4:48  Zealot  
  30  5:14  Photon Cannon  
  30  5:24  Zealot x3  
  30  5:27  Protoss Ground Weapons Level 1 (Chrono Boost)  
  36  5:39  Phoenix (Chrono Boost)  
  36  5:43  Probe  
  38  6:05  Pylon  
  38  6:11  Nexus  
  34  6:41  Cybernetics Core, Probe (Chrono Boost)  
  35  6:50  Probe (Chrono Boost)  
  36  6:58  Probe  
  37  7:03  Pylon  
  37  7:08  Gateway  
  37  7:10  Probe  
  38  7:21  Pylon  
  38  7:22  Probe (Chrono Boost)  
  30  7:34  Probe (Chrono Boost)  
  30  7:36  Protoss Shields Level 1 (Chrono Boost)  
  32  7:39  Probe (Chrono Boost), Adept x2  
  32  7:41  Sentry  
  38  7:45  Probe (Chrono Boost)  
  38  7:46  Probe (Chrono Boost)  
  40  8:00  Adept  
  40  8:02  Adept  
  40  8:04  Probe  
  43  8:13  Adept x2  
  47  8:22  Pylon  
  47  8:23  Stalker  
  47  8:24  Stalker  
  49  8:37  Probe (Chrono Boost)  
  51  8:43  Probe (Chrono Boost)  
  51  8:50  Probe x2 (Chrono Boost)  
  53  9:01  Probe  
  54  9:03  Probe  
  55  9:15  Nexus  
  55  9:16  Pylon  
  55  9:17  Photon Cannon  
  53  9:35  Probe (Chrono Boost)  
  53  9:36  Probe (Chrono Boost)  
  53  9:37  Assimilator  
  53  9:38  Assimilator  
  55  9:42  Pylon  
  55  9:43  Fleet Beacon, Pylon  
  56  9:47  Probe (Chrono Boost), Stargate  
  56  9:48  Probe (Chrono Boost)  
  57  9:55  Probe (Chrono Boost)  
Tags
 
Add a new tag
Caveats
  • Supply blocks, unpowered buildings, or Contaminate may cause inaccurate times.
  • Supply counts are checked every 10 seconds.